 Dungeon Crawl Stone Soup version 0.19-a0-1079-g88a7474 (webtiles) character file.

121 FrancescoMac the Insei (level 4, -1/33 HPs)
             Began as a Vampire Transmuter on Aug 6, 2016.
             Was a Follower of Okawaru.
             Slain by a worm (6 damage)
             ... on level 3 of the Dungeon.
             The game lasted 00:11:08 (2412 turns).

FrancescoMac the Insei (Vampire Transmuter)         Turns: 2412, Time: 00:11:08

Health: -1/33      AC:  4    Str:  9    XL:     4   Next: 76%
Magic:  7/8        EV: 13    Int: 15    God:    Okawaru [*.....]
Gold:   117        SH:  0    Dex: 15    Spells: 2 memorised, 4 levels left

rFire  . . .     SeeInvis +       - Unarmed
rCold  . . .     Gourm    .     b - +0 robe
rNeg   + . .     Faith    .     (no shield)
rPois  .         Spirit   .     o - +0 helmet
rElec  .         Dismiss  .     i - +0 cloak
rCorr  .         Reflect  .     (no gloves)
SustAt +         Harm     .     (boots currently unavailable)
MR     .....                    (no amulet)
Stlth  +.........               (no ring)
                                p - ring of sustain attributes

@: appendage (expiring), very slightly contaminated
A: fangs 3, talons 3, see invisible, unbreathing
a: Bat Form, End Transformation, Heroism, Renounce Religion


You were on level 3 of the Dungeon.
You worshipped Okawaru.
Okawaru was aware of your devotion.
You were not thirsty.
You had grown temporary talons.
You visited 1 branch of the dungeon, and saw 3 of its levels.

You collected 117 gold pieces.

Inventory:

Hand Weapons
 q - a +1 whip of holy wrath
Missiles
 a - 12 arrows
Armour
 b - a +0 robe (worn)
 i - a +0 cloak (worn)
 o - a +0 helmet (worn)
Jewellery
 p - a ring of sustain attributes (left hand)
Scrolls
 e - 2 scrolls of amnesia
 f - a scroll of fear
 g - 2 scrolls of teleportation
 j - 3 scrolls of identify
 m - 2 scrolls of remove curse
 t - a scroll of random uselessness {unknown}
Potions
 d - 27 potions of blood
 h - a potion of might
 k - 3 potions of curing
 l - a potion of degeneration
 n - a potion of lignification
 r - a potion of flight {unknown}
 s - a potion of invisibility {unknown}
Books
 c - a book of Changes

   Spells                             Type                      Level
   a - Beastly Appendage              Transmutation                1
   b - Sticks to Snakes               Transmutation                2
   c - Spider Form                    Transmutation/Poison         3
   d - Ice Form                       Ice/Transmutation            4
   e - Blade Hands                    Transmutation                5


   Skills:
 + Level 2.1 Fighting
 + Level 0.2 Maces & Flails
 + Level 3.1 Dodging
 - Level 3.6 Unarmed Combat
 + Level 2.6 Spellcasting
 + Level 2.9 Transmutations
 + Level 0.8 Poison Magic


You had 4 spell levels left.
You knew the following spells:

 Your Spells              Type           Power        Failure   Level  Hunger
a - Beastly Appendage     Tmut           ##....       8%          1    #......
b - Spider Form           Tmut/Pois      #.........   30%         3    ###....


Dungeon Overview and Level Annotations

Branches:
Dungeon (3/15)

Altars:
Okawaru
The Shining One


Innate Abilities, Weirdness & Mutations

You have razor-sharp teeth.
You have supernaturally acute eyesight. (SInv)
You can survive without breathing.
You have claws for feet.


Message History

The worm is moderately wounded.
The worm bites you but does no damage.
You hit the worm but do no damage. You bite the worm.
The worm is heavily wounded.
Your transformation is almost over.
You barely miss the worm.
The worm is heavily wounded.
The worm bites you!
You hit the worm.
The worm is heavily wounded.
You hit the worm but do no damage. You claw the worm.
The worm is heavily wounded.
The worm bites you!
* * * LOW HITPOINT WARNING * * *
You are too injured to fight recklessly!
You are too injured to fight recklessly!
You barely miss the worm. You claw the worm, but do no damage.
The worm is heavily wounded.
The worm bites you.
You die...

##.# #.# #.###.#
#..##.# ##.##.#
#.##.# ###..#.#
+......# ####.#(#
#.#@# #.#w#
#.#S#............
#.#.#...........#
#...#...........#
##..#...........#
.>#...........#
####...........#
#...........#


You could see a worm and an adder.

Vanquished Creatures
  Robin (D:2)
  2 adders
  An adder skeleton (D:3)
  A worm (D:2)
  2 dart slugs
  A giant gecko (D:3)
  2 ball pythons
  6 bats
  10 giant cockroaches
  9 hobgoblins
  9 jackals (D:1)
  16 goblins
  3 kobolds
  10 rats
73 creatures vanquished.

Notes
Turn   | Place    | Note
-------+----------+-------------------------------------------
     0 | D:1      | FrancescoMac the Vampire Transmuter began the quest for the Orb.
     0 | D:1      | Reached XP level 1. HP: 14/14 MP: 3/3
   136 | D:1      | Reached skill level 1 in Fighting
   334 | D:1      | Reached XP level 2. HP: 21/21 MP: 3/5
   796 | D:1      | Reached XP level 3. HP: 21/27 MP: 4/6
  1136 | D:1      | Learned a level 3 spell: Spider Form
  1599 | D:2      | Noticed Robin
  1628 | D:2      | Killed Robin
  1628 | D:2      | Reached XP level 4. HP: 27/33 MP: 2/7
  2001 | D:3      | Found a faded altar of an unknown god.
  2034 | D:3      | Became a worshipper of Warmaster Okawaru
  2034 | D:3      | Reached * piety under Okawaru
  2167 | D:3      | Found a glowing golden altar of the Shining One.
  2412 | D:3      | Slain by a worm

Vault maps used:
D:1:      dpeg_arrival_refuge
D:2:      uniq_robin
D:3:      minmay_roachtagon, ecumenical_altar_1, kennysheep_cross_room,
          tso_metal_star

Skill      XL: |  1  2  3  4 |
---------------+-------------+-----
Fighting       | 1 2 |  2.1
Dodging        | 3 |  3.1
Maces & Flails | |  0.2
Unarmed Combat | |  3.6
Spellcasting   | |  2.6
Transmutations | |  2.9
Poison Magic   | |  0.8

Action                   |  1- 3 |  4- 6 || total
-------------------------+-------+-------++-------
Melee: Unarmed           |   116 |    99 ||   215
       Kick              |    10 |    17 ||    27
       Headbutt          |     4 |     1 ||     5
       Bite              |     4 |     5 ||     9
       Punch             |     2 |     2 ||     4
 Cast: Beastly Appendage |    21 |    12 ||    33
       Spider Form       |     2 |     1 ||     3
  Use: Potion            |     4 |     3 ||     7
       Scroll            |     3 |     5 ||     8
 Stab: Sleeping          |     2 |       ||     2
Armor: Robe              |    29 |    19 ||    48
       Skin              |     2 |     2 ||     4
Dodge: Dodged            |    89 |    63 ||   152
